 Dungeon Sprint DCSS version 0.17-a0-1923-gc35365e (webtiles) character file.

57906 Kidiri the Unseen (level 13, -3/55 HPs)
             Began as a Spriggan Enchanter on Sept 28, 2015.
             Was the Champion of Dithmenos.
             Slain by a dire elephant (34 damage)
             ... in the Dungeon (Sprint III: "The Ten Rune Challenge").
             The game lasted 00:19:40 (4383 turns).

Kidiri the Unseen (Spriggan Enchanter)              Turns: 4383, Time: 00:19:41

Health: -3/55      AC:  3    Str:  4    XL:     13   Next: 17%
Magic:  26/34      EV: 37    Int: 21    God:    Dithmenos [******]
Gold:   18         SH:  0    Dex: 21    Spells: 5 memorised, 33 levels left

rFire  + + .     SeeInvis +     a - +1 dagger
rCold  . . .     Clarity  .     b - +1 robe
rNeg   . . .     SustAt   .     (shield restricted)
rPois  .         Gourm    .     (helmet restricted)
rElec  .         Spirit   .     (no cloak)
rCorr  .         Warding  .     (gloves unavailable)
rMut   .         NoTele   +     (boots unavailable)
MR     ++...                    (no amulet)
Stlth  ++++++++++               (no ring)
                                (no ring)

@: wreathed by umbra, very quick, very resistant to hostile enchantments,
uncannily stealthy
A: unfitting armour, see invisible, agile 1, blink, breathe flames 1, clever 1,
fire resistance 2, herbivore 3, speed 3, slow metabolism 2
a: Blink, Shadow Step, Shadow Form, Renounce Religion, Breathe Fire
}: 2/10 runes: serpentine, barnacled


You were in the Dungeon.
You worshipped Dithmenos.
Dithmenos was exalted by your worship.
You were full.

You visited 1 branch You collected 18 gold pieces.

Inventory:

Hand weapons
 a - a +1 dagger (weapon)
Armour
 b - a +1 robe (worn)
Scrolls
 e - a scroll of amnesia
 j - a scroll of blinking
 m - a scroll of torment
 o - 2 scrolls of remove curse {unknown}
 r - a scroll of holy word
Potions
 g - a potion of haste
 h - a potion of magic
 i - a potion of berserk rage
 p - 3 potions of cure mutation
 q - 3 potions of flight
Comestibles
 c - 4 fruits
 k - 24 royal jellies


   Skills:
 * Level 15.5 Short Blades
 + Level 8.2 Armour
 * Level 19.4 Dodging
 * Level 20.9 Stealth
 * Level 16.6 Spellcasting
 + Level 7.7 Conjurations
 + Level 12.7 Hexes
 + Level 8.7 Ice Magic
 - Level 4.9 Invocations


You had 33 spell levels left.
You knew the following spells:

 Your Spells              Type           Power        Failure   Level  Hunger
a - Corona                Hex            ######.      1%          1    None
b - Ensorcelled Hibernat  Hex/Ice        ######       1%          2    None
c - Confuse               Hex            ######..     1%          3    None
d - Tukima's Dance        Hex            ######..     1%          3    None
e - Dazzling Spray        Conj/Hex       ######..     1%          3    None


Dungeon Overview and Level Annotations

Branches:
Dungeon (1/1)

Altars:
Cheibriados
Dithmenos
Elyvilon
Fedhas
Gozag
Kikubaaqudgha
Makhleb
Nemelex Xobeh
Okawaru
Qazlal
Ru
Sif Muna
Trog
Vehumet
Xom
Yredelemnul
Zin
The Shining One
Jiyva
Lugonu

Shops:
D [?:[!:


Innate Abilities, Weirdness & Mutations

You are tiny and cannot use many weapons and most armour.
You have supernaturally acute eyesight.
You are a herbivore.
You cover ground extremely quickly.
You need consume almost no food.
You are agile. (Dex +2)
You can translocate small distances at will.
You can breathe flames.
Your mind is acute. (Int +2)
Your flesh is very heat resistant.


Message History

Confirm with . or Enter, or press ? or * to list all spells.
Aiming: Dazzling Spray
Press: ? - help, Shift-Dir - straight line, f/p - dire elephant
Aim: a dire elephant (black smoke, moderately wounded, umbra)
The spray of energy hits the dire elephant.
The dire elephant is moderately wounded.
Your shadow mimicks your spell!
The shadow shard hits the dire elephant.
Casting: Dazzling Spray
Confirm with . or Enter, or press ? or * to list all spells.
Aiming: Dazzling Spray
Press: ? - help, Shift-Dir - straight line, f/p - dire elephant
Aim: a dire elephant (moderately wounded, umbra)
The spray of energy hits the dire elephant.
The dire elephant is moderately wounded.
Your shadow mimicks your spell!
The shadow shard hits the dire elephant.
The dire elephant tramples you!!
Ouch! That really hurt!
You die...

#..# #..#####....#___#_
▓▓▓▓▓▓▓▓▓▓▓▓▓▓▓▓▓▓▓▓▓▓▓
▓.Y.+≈≈≈≈≈≈≈≈≈♣♣.....♣♣
▓.YP#.≈≈§≈≈≈≈≈♣♣.≈≈≈≈+♣
▓.PP#≈.≈§§≈§≈†≈'.....#.
▓..P#≈≈§§§§§≈.♣♣♣♣♣♣♣#.
▓.§§#≈..≈≈§≈.≈♣ ##
▓##§####+#######♣ ♣♣♣
▓.§§YY@..[).....♣♣ ♣..
▓#+#############+♣ ♣♣.
...#≈...........♣ ♣.
▓...+≈≈...########♣♣ ♣♣
▓JJ.#≈≈≈...........♣ ♣♣
▓JJ.#≈≈≈≈..........♣ ♣.
#+#############+#######
#........ #........


You could see 2 dire elephants.

Vanquished Creatures
  Rupert (D)
  A kraken (D)
  Gastronok (D)
  A greater naga (D)
  Maud (D)
  A naga warrior (D)
  A hydra (D)
  5 anacondas (D)
  Erica (D)
  A centaur warrior (D)
  2 alligator snapping turtles (D)
  4 death yaks (D)
  A death drake (D)
  A spriggan druid (D)
  2 unseen horrors (D)
  A lindwurm (D)
  A guardian serpent (D)
  2 spiny frogs (D)
  A komodo dragon (D)
  6 black mambas (D)
  A deep elf priest (D)
  3 wandering mushrooms (D)
  A fire drake (D)
  A queen bee (D)
  8 blink frogs (D)
  4 snapping turtles (D)
  A shadow (D)
  3 redbacks (D)
  A spatial vortex (D)
  4 water moccasins (D)
  A swamp drake (D)
  A necrophage (D)
  2 centaurs (D)
  An earth elemental (D)
  2 brain worms (D)
  A water elemental (D)
  A scorpion (D)
  An electric eel (D)
  32 killer bees (D)
  A jelly (D)
  Jessica (D)
  A necromancer (D)
  A wizard (D)
  3 humans (D)
  A kobold demonologist (D)
  An adder (D)
  An ooze (D)
  2 rats (D)
116 creatures vanquished.

Vanquished Creatures (collateral kills)
  2 nagas (D)
2 creatures vanquished.

Vanquished Creatures (others)
  2 draconian scorchers (D)
  A hydra (D)
  A dancing weapon (D)
  3 yaktaurs (D)
  2 spriggans (D)
  A fungus (D)
  8 plants (D)
  32 tentacles (D)
  158 tentacle segments (D)
208 creatures vanquished.

Grand Total: 326 creatures vanquished

Notes
Turn   | Place    | Note
--------------------------------------------------------------
     0 | D        | Kidiri the Spriggan Enchanter began the quest for the Orb.
     0 | D        | Reached XP level 1. HP: 9/9 MP: 5/5
   117 | D        | Reached skill level 5 in Stealth
   243 | D        | Noticed Jessica
   247 | D        | Killed Jessica
   247 | D        | Reached skill level 1 in Armour
   247 | D        | Reached skill level 5 in Dodging
   247 | D        | Reached skill level 6 in Stealth
   247 | D        | Reached XP level 2. HP: 13/13 MP: 6/8
   247 | D        | Reached XP level 3. HP: 16/16 MP: 6/9
   249 | D        | Killed a white draconian scorcher
   251 | D        | Learned a level 2 spell: Ensorcelled Hibernation
   255 | D        | Learned a level 3 spell: Confuse
   259 | D        | Learned a level 3 spell: Tukima's Dance
   286 | D        | Noticed a scorpion
   289 | D        | Killed a scorpion
   289 | D        | Reached skill level 7 in Stealth
   289 | D        | Reached skill level 1 in Ice Magic
   289 | D        | Reached XP level 4. HP: 21/21 MP: 9/11
   293 | D        | Reached skill level 5 in Spellcasting
   323 | D        | Gained mutation: You can translocate small distances at will. [potion of mutation]
   323 | D        | Gained mutation: Your flesh is heat resistant. [potion of mutation]
   324 | D        | Gained mutation: You are agile. (Dex +2) [potion of mutation]
   324 | D        | Gained mutation: Your mind is acute. (Int +2) [potion of mutation]
   325 | D        | Gained mutation: You can breathe flames. [potion of mutation]
   325 | D        | Gained mutation: Your flesh is very heat resistant. [potion of mutation]
   339 | D        | Killed a white draconian scorcher
   346 | D        | Learned a level 3 spell: Dazzling Spray
   349 | D        | Noticed a water elemental
   352 | D        | Killed a water elemental
   352 | D        | Reached skill level 8 in Stealth
   352 | D        | Reached skill level 5 in Hexes
   352 | D        | Reached XP level 5. HP: 24/24 MP: 14/14
   361 | D        | Noticed a jelly
   362 | D        | Noticed a shadow
   364 | D        | Killed a shadow
   364 | D        | Reached skill level 9 in Stealth
   364 | D        | Reached skill level 1 in Conjurations
   364 | D        | Reached XP level 6. HP: 28/28 MP: 15/17
   368 | D        | Killed a jelly
   373 | D        | Found a stormy altar of Qazlal.
   374 | D        | Found a sacrificial altar of Ru.
   374 | D        | Found a burning altar of Makhleb.
   374 | D        | Found a viscous altar of Jiyva.
   374 | D        | Found a shimmering altar of Xom.
   374 | D        | Found a shadowy altar of Dithmenos.
   374 | D        | Found a sparkling altar of Nemelex Xobeh.
   374 | D        | Found a corrupted altar of Lugonu.
   374 | D        | Found an opulent altar of Gozag.
   374 | D        | Noticed a spatial vortex
   378 | D        | Became a worshipper of Dithmenos the Shadowed
   399 | D        | Killed a spatial vortex
   399 | D        | Reached skill level 10 in Stealth
   399 | D        | Reached skill level 1 in Invocations
   482 | D        | Killed a yaktaur
   529 | D        | Killed a yaktaur
   622 | D        | Found a radiant altar of Vehumet.
   623 | D        | Found a deep blue altar of Sif Muna.
   623 | D        | Found an ancient bone altar of Kikubaaqudgha.
   623 | D        | Noticed a wizard
   624 | D        | Killed a wizard
   626 | D        | Reached XP level 7. HP: 32/32 MP: 19/19
   654 | D        | Found a glowing silver altar of Zin.
   655 | D        | Found a glowing golden altar of the Shining One.
   655 | D        | Found a white marble altar of Elyvilon.
   655 | D        | Noticed a deep elf priest
   657 | D        | Killed a deep elf priest
   657 | D        | Reached skill level 10 in Dodging
   657 | D        | Reached skill level 11 in Stealth
   669 | D        | Found an iron altar of Okawaru.
   670 | D        | Found a bloodstained altar of Trog.
   670 | D        | Noticed a human
   670 | D        | Noticed a human
   673 | D        | Killed a human
   675 | D        | Killed a human
   675 | D        | Reached XP level 8. HP: 36/36 MP: 15/22
   751 | D        | Found a basalt altar of Yredelemnul.
   751 | D        | Found a snail-covered altar of Cheibriados.
   751 | D        | Found a blossoming altar of Fedhas.
   751 | D        | Noticed a necrophage
   751 | D        | Noticed a necromancer
   761 | D        | Killed a necromancer
   761 | D        | Acquired Dithmenos's first power
   767 | D        | Killed a necrophage
   767 | D        | Reached skill level 12 in Stealth
   845 | D        | Noticed Erica
   847 | D        | Killed Erica
   856 | D        | Noticed an earth elemental
   903 | D        | Killed an earth elemental
   903 | D        | Reached skill level 13 in Stealth
   903 | D        | Reached skill level 10 in Spellcasting
   975 | D        | Noticed a centaur
   975 | D        | Noticed a centaur warrior
   975 | D        | Noticed a centaur
   977 | D        | Killed a centaur
   979 | D        | Killed a centaur warrior
   979 | D        | Reached XP level 9. HP: 39/39 MP: 24/24
   980 | D        | Killed a centaur
   980 | D        | Acquired Dithmenos's second power
   995 | D        | Noticed an unseen horror
   995 | D        | Noticed an unseen horror
   996 | D        | Killed an unseen horror
   996 | D        | Reached skill level 10 in Short Blades
   996 | D        | Reached skill level 14 in Stealth
   996 | D        | Reached skill level 5 in Ice Magic
   998 | D        | Killed an unseen horror
   998 | D        | Reached skill level 5 in Armour
  1008 | D        | Noticed a killer bee
  1008 | D        | Noticed a killer bee
  1008 | D        | Noticed a queen bee
  1008 | D        | Noticed a killer bee
  1008 | D        | Noticed a killer bee
  1008 | D        | Noticed a killer bee
  1008 | D        | Noticed a killer bee
  1008 | D        | Noticed a killer bee
  1008 | D        | Noticed a killer bee
  1008 | D        | Noticed a killer bee
  1008 | D        | Noticed a killer bee
  1008 | D        | Noticed a killer bee
  1008 | D        | Noticed a killer bee
  1008 | D        | Noticed a killer bee
  1008 | D        | Noticed a killer bee
  1009 | D        | Noticed a killer bee
  1010 | D        | Noticed a killer bee
  1010 | D        | Noticed a killer bee
  1010 | D        | Noticed a killer bee
  1010 | D        | Killed a killer bee
  1012 | D        | Noticed a killer bee
  1012 | D        | Noticed a killer bee
  1012 | D        | Killed a killer bee
  1013 | D        | Noticed a killer bee
  1014 | D        | Noticed a killer bee
  1014 | D        | Killed a killer bee
  1014 | D        | Acquired Dithmenos's third power
  1015 | D        | Noticed a killer bee
  1018 | D        | Killed a killer bee
  1020 | D        | Noticed a killer bee
  1020 | D        | Killed a killer bee
  1022 | D        | Killed a killer bee
  1022 | D        | Reached XP level 10. HP: 42/44 MP: 12/26
  1024 | D        | Noticed a killer bee
  1024 | D        | Killed a killer bee
  1026 | D        | Noticed a killer bee
  1026 | D        | Noticed a killer bee
  1026 | D        | Noticed a killer bee
  1026 | D        | Killed a killer bee
  1030 | D        | Noticed a killer bee
  1030 | D        | Killed a killer bee
  1030 | D        | Acquired Dithmenos's fourth power
  1031 | D        | Noticed a killer bee
  1034 | D        | Noticed a killer bee
  1034 | D        | Killed a killer bee
  1036 | D        | Killed a killer bee
  1039 | D        | Noticed a killer bee
  1180 | D        | Killed a killer bee
  1182 | D        | Killed a killer bee
  1192 | D        | Killed a killer bee
  1194 | D        | Killed a killer bee
  1196 | D        | Killed a killer bee
  1198 | D        | Killed a killer bee
  1200 | D        | Killed a killer bee
  1204 | D        | Killed a killer bee
  1204 | D        | Reached skill level 15 in Stealth
  1206 | D        | Killed a killer bee
  1208 | D        | Killed a killer bee
  1341 | D        | Killed a killer bee
  1353 | D        | Killed a killer bee
  1358 | D        | Killed a killer bee
  1364 | D        | Killed a killer bee
  1366 | D        | Killed a killer bee
  1370 | D        | Killed a killer bee
  1372 | D        | Killed a killer bee
  1374 | D        | Killed a killer bee
  1511 | D        | Killed a killer bee
  1514 | D        | Killed a queen bee
  1519 | D        | Killed a killer bee
  1521 | D        | Killed a killer bee
  1618 | D        | Noticed a wandering mushroom
  1619 | D        | Noticed a wandering mushroom
  1619 | D        | Noticed a wandering mushroom
  1622 | D        | Killed a wandering mushroom
  1626 | D        | Killed a wandering mushroom
  1632 | D        | Killed a wandering mushroom
  1714 | D        | Noticed a spiny frog
  1714 | D        | Noticed a komodo dragon
  1714 | D        | Noticed a spiny frog
  1717 | D        | Killed a spiny frog
  1719 | D        | Killed a spiny frog
  1719 | D        | Reached skill level 16 in Stealth
  1719 | D        | Reached skill level 5 in Conjurations
  1720 | D        | Killed a komodo dragon
  1726 | D        | Noticed a redback
  1728 | D        | Killed a redback
  1729 | D        | Noticed a brain worm
  1732 | D        | Killed a brain worm
  1738 | D        | Noticed a brain worm
  1740 | D        | Killed a brain worm
  1740 | D        | Reached skill level 15 in Dodging
  1744 | D        | Noticed a lindwurm
  1749 | D        | Noticed a redback
  1749 | D        | Killed a lindwurm
  1754 | D        | Killed a redback
  1825 | D        | Noticed a redback
  1827 | D        | Killed a redback
  1827 | D        | Reached XP level 11. HP: 42/47 MP: 25/28
  1831 | D        | Noticed Maud
  1833 | D        | Killed Maud
  1833 | D        | Reached skill level 10 in Hexes
  1848 | D        | Noticed an electric eel
  1849 | D        | Noticed a six-headed hydra
  1849 | D        | Noticed a six-headed hydra
  1851 | D        | Killed an electric eel
  1879 | D        | Killed a six-headed hydra
  1879 | D        | Reached skill level 17 in Stealth
  1897 | D        | Noticed a swamp drake
  1897 | D        | Noticed a fire drake
  1898 | D        | Killed a fire drake
  1900 | D        | Killed a swamp drake
  1924 | D        | Killed a six-headed hydra
  1930 | D        | Noticed a death drake
  1933 | D        | Killed a death drake
  1952 | D        | Found a blossoming altar of Fedhas.
  1952 | D        | Noticed a spriggan
  1952 | D        | Noticed a spriggan druid
  1952 | D        | Noticed a spriggan
  1995 | D        | Killed a spriggan druid
  2018 | D        | Noticed a blink frog
  2020 | D        | Killed a blink frog
  2032 | D        | Killed a spriggan
  2177 | D        | Killed a spriggan
  2223 | D        | Noticed a water moccasin
  2223 | D        | Noticed a kraken
  2224 | D        | Noticed a black mamba
  2229 | D        | Noticed a snapping turtle
  2229 | D        | Killed a black mamba
  2237 | D        | Killed a snapping turtle
  2280 | D        | Noticed a snapping turtle
  2286 | D        | Killed a water moccasin
  2422 | D        | Killed a snapping turtle
  2429 | D        | HP: 1/47 [tentacle[a kraken] (29)]
  2764 | D        | Killed a kraken
  2764 | D        | Reached skill level 18 in Stealth
  2876 | D        | Noticed a snapping turtle
  2877 | D        | Noticed an alligator snapping turtle
  2913 | D        | Killed an alligator snapping turtle
  2923 | D        | Killed a snapping turtle
  2945 | D        | Killed a yaktaur
  2995 | D        | Found Muumuset's Antique Armour Emporium.
  2995 | D        | Found Ecitz's Distillery.
  2995 | D        | Found Ihiepusm's Book Boutique.
  2995 | D        | Noticed an alligator snapping turtle
  2997 | D        | Killed an alligator snapping turtle
  3002 | D        | Got a barnacled rune of Zot
  3069 | D        | Noticed a blink frog
  3070 | D        | Noticed a blink frog
  3071 | D        | Noticed a blink frog
  3072 | D        | Killed a blink frog
  3073 | D        | Noticed a blink frog
  3074 | D        | Killed a blink frog
  3074 | D        | Reached XP level 12. HP: 51/51 MP: 26/31
  3076 | D        | Killed a blink frog
  3079 | D        | Killed a blink frog
  3085 | D        | Noticed Rupert
  3097 | D        | Killed Rupert
  3097 | D        | Reached skill level 19 in Stealth
  3097 | D        | Reached skill level 15 in Spellcasting
  3170 | D        | Noticed a blink frog
  3170 | D        | Noticed a black mamba
  3175 | D        | Killed a blink frog
  3177 | D        | Killed a black mamba
  3178 | D        | Noticed a death yak
  3178 | D        | Noticed a blink frog
  3178 | D        | Noticed a death yak
  3181 | D        | Noticed a blink frog
  3181 | D        | Killed a blink frog
  3182 | D        | Noticed a death yak
  3182 | D        | Noticed a death yak
  3193 | D        | Killed a death yak
  3196 | D        | Killed a death yak
  3328 | D        | Killed a death yak
  3332 | D        | Killed a blink frog
  3364 | D        | Noticed an azure jelly
  3364 | D        | Noticed an azure jelly
  3367 | D        | Killed a death yak
  3497 | D        | Noticed an anaconda
  3497 | D        | Noticed an anaconda
  3498 | D        | Noticed a black mamba
  3498 | D        | Noticed a black mamba
  3498 | D        | Noticed a snapping turtle
  3499 | D        | Killed an anaconda
  3500 | D        | Killed an anaconda
  3502 | D        | Killed a black mamba
  3503 | D        | Killed a black mamba
  3510 | D        | Noticed an anaconda
  3511 | D        | Killed a snapping turtle
  3512 | D        | Noticed a black mamba
  3512 | D        | Noticed an anaconda
  3512 | D        | Noticed a water moccasin
  3512 | D        | Noticed a water moccasin
  3514 | D        | Killed an anaconda
  3514 | D        | Reached skill level 20 in Stealth
  3517 | D        | Killed an anaconda
  3520 | D        | Killed a black mamba
  3520 | D        | Reached skill level 15 in Short Blades
  3522 | D        | Killed a water moccasin
  3524 | D        | Killed a water moccasin
  3626 | D        | Noticed a black mamba
  3626 | D        | Noticed a water moccasin
  3632 | D        | Noticed an anaconda
  3633 | D        | Killed a water moccasin
  3638 | D        | Killed a black mamba
  3642 | D        | Killed an anaconda
  3706 | D        | Noticed a naga
  3706 | D        | Noticed a naga
  3707 | D        | Noticed a naga warrior
  3707 | D        | Noticed a greater naga
  3707 | D        | Found Jelabyet's Antique Armour Boutique.
  3707 | D        | Found Peaf's Magic Scroll Emporium.
  3711 | D        | Killed a naga
  3712 | D        | Killed a naga
  4028 | D        | Noticed a guardian serpent
  4032 | D        | Killed a guardian serpent
  4061 | D        | Killed a naga warrior
  4061 | D        | Reached XP level 13. HP: 29/55 MP: 18/34
  4256 | D        | Killed a greater naga
  4265 | D        | Found Teogairgh's Book Shop.
  4284 | D        | Got a serpentine rune of Zot
  4374 | D        | Noticed an azure jelly
  4374 | D        | Noticed an azure jelly
  4375 | D        | Noticed an elephant
  4375 | D        | Noticed an elephant
  4375 | D        | Noticed a dire elephant
  4375 | D        | Noticed a dire elephant
  4375 | D        | Noticed Gastronok
  4377 | D        | Killed Gastronok
  4383 | D        | Slain by a dire elephant

Vault maps used:
D:        dungeon_sprint_mu

Action                   |  1- 3 |  4- 6 |  7- 9 | 10-12 | 13-15 || total
-------------------------+-------+-------+-------+-------+-------++-------
Melee: Dagger            |    10 |    12 |    51 |   157 |     3 ||   233
 Cast: Ensorcelled Hiber |       |     1 |    12 |    94 |     1 ||   108
       Dazzling Spray    |       |     5 |    14 |    39 |     6 ||    64
       Confuse           |       |       |     2 |     8 |       ||    10
       Tukima's Dance    |       |       |       |     7 |     1 ||     8
Invok: Shadow Step       |       |       |       |    11 |       ||    11
  Use: Potion            |     1 |     4 |     1 |     2 |       ||     8
       Scroll            |       |     3 |       |       |       ||     3
 Stab: Sleeping          |     4 |     6 |    15 |    71 |     1 ||    97
       Invisible         |       |       |     1 |    10 |     1 ||    12
       Confused          |       |       |     1 |     2 |       ||     3
       Distracted        |       |       |       |     2 |       ||     2
  Eat: Fruit             |       |       |       |     2 |       ||     2
       Bread ration      |       |       |       |       |     1 ||     1
